[Event "Titled Tuesday Blitz April 19 Early 2022"]
[White "Kahlert, Thomas"]
[Black "Cramling Bellon, Anna"]
[WhiteFideId "4625242"]
[BlackFideId "32009232"]
[WhiteElo "2228"]
[BlackElo "1905"]
[Result "1/2-1/2"]
[Round "11"]
[TimeControl "180+1"]
[Date "2022.04.19"]
[WhiteClock "0:01:12"]
[BlackClock "0:00:04"]

1. d4 Nf6 2. Nf3 d5 3. c4 e6 4. Nc3 Bb4 5. cxd5 exd5 6. Bg5 Qd6 7. e3 Ne4 8. Rc1 c6 9. Bf4 Qe7 10. Bd3 Bg4 11. O-O O-O 12. h3 Bh5 13. Be2 Nd7 14. a3 Bd6 15. Bxd6 Qxd6 16. Nxe4 dxe4 17. Nd2 Bg6 18. Qb3 Nb6 19. Nc4 Nxc4 20. Qxc4 Kh8 21. Qc5 Qd7 22. Rfd1 f5 23. g3 f4 24. exf4 Qxh3 25. d5 cxd5 26. Rxd5 Rac8 27. Qe3 Rxc1+ 28. Qxc1 Rc8 29. Qd2 h6 30. Rd8+ Rxd8 31. Qxd8+ Kh7 32. Qd4 Qc8 33. g4 Qc1+ 34. Kg2 Qxf4 35. Qxa7 e3 36. Qxe3 Be4+ 37. Kg1 Qxe3 38. fxe3 Kg6 39. Kf2 Kg5 40. Kg3 Bc6 41. b4 g6 42. Bd1 h5 43. gxh5 gxh5 44. a4 h4+ 45. Kh2 Kf5 46. b5 Bd5 47. Bc2+ Ke5 48. a5 Bc4 49. a6 bxa6 50. bxa6 Bxa6 51. Kh3 Bb7 52. Kxh4 Be4 53. Bxe4 Kxe4 54. Kg3 Kxe3 1/2-1/2


[Site "https://www.chess.com"]

[Event "Titled Tuesday Blitz April 19 Early 2022"]
[White "Kamsky, Gata"]
[Black "Shimelkov, Vasiliy"]
[WhiteFideId "2000024"]
[BlackFideId "13701630"]
[WhiteElo "2645"]
[BlackElo "2073"]
[Result "1-0"]
[Round "11"]
[TimeControl "180+1"]
[Date "2022.04.19"]
[WhiteClock "0:01:59"]
[BlackClock "0:00:07"]

1. d4 d5 2. Bf4 e6 3. e3 Bd6 4. c3 Nf6 5. Nd2 c5 6. Bb5+ Nc6 7. Bxc6+ bxc6 8. Bxd6 Qxd6 9. Qa4 O-O 10. Qa3 Nd7 11. Ngf3 Re8 12. Nb3 e5 13. Nxc5 e4 14. Nd2 f5 15. Nxd7 Qxd7 16. O-O a5 17. c4 Ba6 18. Rfc1 f4 19. exf4 dxc4 20. Nxc4 Qxd4 21. Qe3 c5 22. Nxa5 Qxb2 23. Nb3 Bd3 24. Nxc5 Rec8 25. a4 Rd8 26. h4 Rab8 27. a5 Qb5 28. Nxe4 Bxe4 29. Qxe4 Re8 30. Qc4+ Qxc4 31. Rxc4 Ra8 32. a6 Ra7 33. Rc6 Rea8 34. f5 h6 35. g4 1-0


[Site "https://www.chess.com"]

[Event "Titled Tuesday Blitz April 19 Early 2022"]
[White "Khabinets, Ivan"]
[Black "Pires, Marcos Vinicius Torsani"]
[WhiteFideId "14115980"]
[BlackFideId "2118939"]
[WhiteElo "2114"]
[BlackElo "2273"]
[Result "1-0"]
[Round "11"]
[TimeControl "180+1"]
[Date "2022.04.19"]
[WhiteClock "0:01:17"]
[BlackClock "0:00:14"]

1. e4 c5 2. Nf3 g6 3. c3 d5 4. exd5 Qxd5 5. d4 cxd4 6. cxd4 Nf6 7. Nc3 Qd8 8. Bc4 Bg7 9. Ne5 O-O 10. O-O e6 11. Bg5 Qb6 12. Qf3 Nbd7 13. Nxd7 Nxd7 14. Rad1 Qxb2 15. Bb3 Qa3 16. d5 Ne5 17. Qe2 exd5 18. Nxd5 Bg4 19. f3 Be6 20. Nf6+ Bxf6 21. Bxf6 Qc5+ 22. Kh1 Nd7 23. Ba1 Bxb3 24. Qb2 Ne5 25. axb3 f6 26. Qa2 Rad8 27. Bxe5 Qxe5 28. Qxa7 Rxd1 29. Rxd1 Qe2 30. Qd4 Re8 31. h3 Qe3 32. Qd5+ Qe6 33. Qxb7 Qe2 34. Qd5+ Qe6 35. Qxe6+ Rxe6 36. Rd3 Re1+ 37. Kh2 Rb1 38. Kg3 Kg7 39. Kf4 h5 40. Ke4 Rb2 41. g3 h4 42. g4 Rh2 43. f4 Rb2 44. Kd4 Kf7 45. Kc4 Rg2 46. b4 Rg3 47. b5 Ke7 48. b6 Rxd3 49. Kxd3 Kd6 50. Kd4 Kc6 51. Kc4 Kxb6 52. Kd5 1-0


[Site "https://www.chess.com"]

[Event "Titled Tuesday Blitz April 19 Early 2022"]
[White "Kim, Sergey"]
[Black "Bas Mas, Jose Joaquin"]
[WhiteFideId "13700570"]
[BlackFideId "22219064"]
[WhiteElo "2561"]
[BlackElo "2212"]
[Result "1/2-1/2"]
[Round "11"]
[TimeControl "180+1"]
[Date "2022.04.19"]
[WhiteClock "0:00:05"]
[BlackClock "0:00:04"]

1. d4 f5 2. c4 Nf6 3. g3 e6 4. Bg2 Bb4+ 5. Nd2 O-O 6. Nh3 Nc6 7. e3 d6 8. O-O Bxd2 9. Bxd2 a5 10. b3 Ne4 11. Bc1 Qe8 12. a3 Bd7 13. Bb2 Rd8 14. f3 Nf6 15. Qd2 e5 16. d5 Nb8 17. Qxa5 b6 18. Qc3 Qh5 19. a4 f4 20. g4 Nxg4 21. fxg4 Bxg4 22. Nf2 Be2 23. exf4 Bxf1 24. Rxf1 Rxf4 25. Nh3 Rxf1+ 26. Bxf1 Nd7 27. Qg3 Rf8 28. Nf2 Rf3 29. Qg2 Rxb3 30. Bc1 Qg6 31. Qxg6 hxg6 32. Bg5 Nc5 33. Bd8 Na6 34. c5 Nxc5 35. Bxc7 Nxa4 36. Bxd6 Nc5 37. Bxe5 Nd7 38. Bd4 b5 39. d6 Rb1 40. Kg2 b4 41. Bd3 Re1 42. Bxg6 Re6 43. Bf5 Rxd6 44. Be3 Nf6 45. Nd3 b3 46. Kf3 Nd5 47. Bc5 Rf6 48. Ke4 Nc3+ 49. Ke5 Kf7 50. Bd4 Nb5 51. Bb2 g6 52. Be4 Re6+ 53. Kf4 Nc7 54. Nc5 Rb6 55. Ke5 Rb5 56. Kd6 Ne8+ 57. Kc6 Rb4 58. Bd5+ Kf8 59. Bxb3 Rh4 60. Be5 g5 61. Be6 Rh7 62. Kd5 Rh6 63. Bf5 Nf6+ 64. Kd4 Rh4+ 65. Kd3 Nh5 66. Bg3 Nf4+ 67. Ke4 Rh6 68. Bxf4 gxf4 69. h3 Rc6 70. Ne6+ Rxe6+ 71. Kxf4 Rb6 72. Kg5 Kg7 73. h4 Rb4 74. h5 Rb5 75. Kf4 Kh6 76. Bg6 Rb4+ 77. Kf5 Rb5+ 78. Kf4 Rb6 79. Kf5 Ra6 80. Ke5 Ra5+ 81. Kf6 Ra6+ 82. Kf5 Rb6 83. Ke5 Kg5 84. Kd5 Rb8 85. Ke6 Rb6+ 86. Kf7 Rb7+ 87. Ke8 Rg7 88. Kf8 Rxg6 89. hxg6 Kxg6 1/2-1/2


[Site "https://www.chess.com"]

[Event "Titled Tuesday Blitz April 19 Early 2022"]
[White "Koelle, Tobias"]
[Black "Cherniaiev, Tykhon"]
[WhiteFideId "16207378"]
[BlackFideId "14182360"]
[WhiteElo "2541"]
[BlackElo "2289"]
[Result "1-0"]
[Round "11"]
[TimeControl "180+1"]
[Date "2022.04.19"]
[WhiteClock "0:01:48"]
[BlackClock "0:02:18"]

1. d4 Nf6 2. c4 e6 3. Nc3 d5 4. cxd5 exd5 5. Bg5 Be7 6. e3 c6 7. Bd3 Nh5 8. Bxe7 Qxe7 9. Qxh5 Be6 10. Qe2 Nd7 11. Nf3 O-O 12. h3 Rfe8 13. O-O Rad8 14. a3 f6 15. b4 Nf8 16. Qc2 Qd7 17. Rfe1 Ng6 18. Bxg6 hxg6 19. Qxg6 Bf5 20. Qg3 Re7 21. Nh4 Bh7 22. Ng6 Ree8 23. Nf4 Re7 24. Rad1 Rde8 25. Nd3 b6 26. Nb2 Qf5 27. Rd2 g5 28. Rde2 c5 29. bxc5 bxc5 30. dxc5 d4 31. exd4 Rxe2 32. Rxe2 Rxe2 33. Qb8+ Kg7 34. Nxe2 Qc2 35. Ng3 Qd1+ 36. Nxd1 Bg6 37. Qxa7+ Kh6 38. Ne3 g4 39. Nxg4+ Kg5 40. Qg7 f5 41. Qf6+ Kf4 42. Qe5+ Kg5 43. f4+ Kh4 44. Qe7+ Kxg3 45. Qe1+ Kxf4 46. Qe3# 1-0


[Site "https://www.chess.com"]

[Event "Titled Tuesday Blitz April 19 Early 2022"]
[White "Korchmar, Vasiliy"]
[Black "Krsnik Cohar, Ivan Vihor"]
[WhiteFideId "24131750"]
[BlackFideId "14520044"]
[WhiteElo "2370"]
[BlackElo "2414"]
[Result "1/2-1/2"]
[Round "11"]
[TimeControl "180+1"]
[Date "2022.04.19"]
[WhiteClock "0:00:04"]
[BlackClock "0:00:24"]

1. d4 d5 2. Bf4 Bf5 3. e3 e6 4. Nf3 c6 5. c4 Bxb1 6. Rxb1 Qa5+ 7. Nd2 Nf6 8. a3 Ne4 9. Bd3 Nxd2 10. Qxd2 Qxd2+ 11. Kxd2 Nd7 12. b4 a6 13. a4 dxc4 14. Bxc4 Nb6 15. Rhc1 Nxa4 16. Bc7 b5 17. Be2 Kd7 18. Ba5 Bd6 19. Bf3 Rhc8 20. Rc2 Rab8 21. Rbc1 Ke7 22. Rxc6 Kd7 23. Rxa6 Nb2 24. Ra7+ Ke8 25. Rxc8+ Rxc8 26. Be2 Nc4+ 27. Ke1 Kf8 28. Bd3 Nb2 29. Ke2 Nxd3 30. Kxd3 Rc4 31. Ra8+ Ke7 32. Ra7+ Kf6 33. Rb7 Bxb4 34. Bd8+ Kg6 35. Rxb5 Rc8 36. Rxb4 Rxd8 37. Rb6 Kf6 38. Rb5 Ra8 39. Rb2 Ra3+ 40. Ke4 Ra1 41. Rc2 Kg6 42. Kf3 Kf6 43. h4 Ra8 44. g4 h6 45. h5 Ra1 46. Kg2 Rd1 47. Rc5 Rd2 48. Re5 Ra2 49. Kg3 Ra3 50. Rc5 Ra1 51. Rb5 Rg1+ 52. Kh3 Ra1 53. Kg2 Ra2 54. Rc5 Ra3 55. Kf3 Rb3 56. Rc7 Rb1 57. Rc2 Rh1 58. Rd2 Rg1 59. Re2 Rd1 60. Ra2 Rb1 61. Ke2 Rg1 62. Kf3 Rb1 63. Kf4 g5+ 64. Kf3 Rg1 65. Ra8 Rb1 66. Rg8 Rb2 67. Rh8 Kg7 68. Rc8 Rb3 69. Rc5 Kf6 70. Re5 Rb1 71. Re4 Rb2 72. Kg3 Rb5 73. Kg2 Kg7 74. Re5 Rb2 75. Rc5 Kf6 76. Kg3 Rb7 77. Ra5 Rb1 78. Ra2 Rf1 79. Rc2 Rb1 80. Re2 Ra1 81. Kg2 Ra7 82. Rd2 Ra4 83. Rb2 Kg7 84. f3 Kf6 85. Kg3 Ra3 86. Re2 Rd3 87. Kf2 Ke7 88. Rc2 Kf6 89. Ke2 Ra3 90. Rd2 Ke7 91. e4 Kf6 92. Kf2 Rb3 93. Kg3 Ra3 94. Kg2 Rb3 95. Kf2 Ra3 96. d5 exd5 97. Rxd5 Ra2+ 98. Kg3 Ra1 99. Rd6+ Kg7 100. Rc6 Rg1+ 101. Kf2 Ra1 102. Rc5 Kf6 103. Rf5+ Kg7 104. Kg3 Rg1+ 105. Kh2 Rb1 106. Rd5 Rb2+ 107. Kg3 Rb1 108. Kf2 Rb2+ 109. Ke3 Rb3+ 110. Rd3 Rb1 111. Kd4 Kf6 112. Rc3 Rf1 113. Rc6+ Kg7 114. Rc3 Kf6 115. e5+ Kg7 116. Ke4 Re1+ 117. Kf5 Re2 118. Rd3 Re1 119. Rd4 Re3 120. f4 Rf3 121. Re4 Rf1 122. Rb4 Rf2 123. Ra4 Rf1 124. Re4 Rf2 125. e6 fxe6+ 126. Kxe6 Rxf4 127. Re5 Rxg4 128. Rc5 Re4+ 129. Kf5 Re7 130. Rc6 Rf7+ 131. Ke5 Rf4 132. Rg6+ Kh7 133. Rc6 Rf1 134. Rc7+ Kg8 135. Rc8+ Kg7 136. Rc7+ Rf7 137. Rc6 Re7+ 138. Kf5 Rf7+ 139. Ke5 1/2-1/2


[Site "https://www.chess.com"]

[Event "Titled Tuesday Blitz April 19 Early 2022"]
[White "Kornyukov, Alexey"]
[Black "Kosteniuk, Alexandra"]
[WhiteFideId "4150457"]
[BlackFideId "4128125"]
[WhiteElo "2214"]
[BlackElo "2689"]
[Result "0-1"]
[Round "11"]
[TimeControl "180+1"]
[Date "2022.04.19"]
[WhiteClock "0:00:02"]
[BlackClock "0:01:11"]

1. d4 Nf6 2. c4 e6 3. Nc3 Bb4 4. f3 c5 5. d5 O-O 6. e4 d6 7. Ne2 b5 8. a3 Ba5 9. dxe6 Bxe6 10. cxb5 d5 11. exd5 Nxd5 12. Kf2 Bb6 13. Nxd5 Bxd5 14. Nc3 c4+ 15. Kg3 Be6 16. Qxd8 Rxd8 17. Be2 Nd7 18. Rd1 Nc5 19. Be3 Rdc8 20. Kf2 Nb3 21. Rab1 Bf5 22. Ne4 Bxe3+ 23. Kxe3 Bg6 24. Rd5 f5 25. Nd6 f4+ 26. Kxf4 Rf8+ 27. Kg3 Bxb1 28. Bxc4 Na5 29. Rc5+ Nxc4 30. Nxc4 Rac8 31. Rxc8 Rxc8 32. Nd6 Rd8 0-1


[Site "https://www.chess.com"]

[Event "Titled Tuesday Blitz April 19 Early 2022"]
[White "Kotepalli, Sai Nirupama"]
[Black "Araujo Filho, Luiz Antonio Coel"]
[WhiteFideId "5039444"]
[BlackFideId "2130661"]
[WhiteElo "2380"]
[BlackElo "2318"]
[Result "1-0"]
[Round "11"]
[TimeControl "180+1"]
[Date "2022.04.19"]
[WhiteClock "0:00:30"]
[BlackClock "0:00:03"]

1. e4 c6 2. d3 d5 3. Nd2 dxe4 4. dxe4 Nf6 5. Bd3 e5 6. Ngf3 Nbd7 7. O-O Be7 8. Nc4 Qc7 9. Qe2 O-O 10. Ne3 g6 11. c3 b6 12. Nc4 Bb7 13. Bh6 Rfe8 14. b4 c5 15. b5 Rad8 16. a4 Nf8 17. Ng5 Nh5 18. Nf3 Bf6 19. g3 Ne6 20. Rad1 Rd7 21. Bc2 Red8 22. Rxd7 Rxd7 23. Rd1 Rxd1+ 24. Qxd1 Nhg7 25. Qd6 Qxd6 26. Nxd6 Ba8 27. Nc8 Ne8 28. Nxa7 Nd6 29. Nc6 Nc4 30. Bb3 Na5 31. Nxa5 bxa5 32. Bd5 Bxd5 33. exd5 Nd8 34. Nd2 Be7 35. Be3 f5 36. Nb3 Nb7 37. Kf1 Kf7 38. Ke2 Ke8 39. Nd2 Kd7 40. Nc4 Bf6 41. f3 Bg7 42. Kd3 Bf6 43. h4 Bg7 44. Bg5 Bh8 45. Bh6 Bf6 46. Bf8 Be7 47. Nxe5+ 1-0


[Site "https://www.chess.com"]

[Event "Titled Tuesday Blitz April 19 Early 2022"]
[White "Krishna, C R G"]
[Black "Oparin, Grigoriy"]
[WhiteFideId "5018625"]
[BlackFideId "24125890"]
[WhiteElo "2332"]
[BlackElo "2665"]
[Result "1/2-1/2"]
[Round "11"]
[TimeControl "180+1"]
[Date "2022.04.19"]
[WhiteClock "0:00:10"]
[BlackClock "0:00:07"]

1. d4 Nf6 2. Nf3 e6 3. e3 d5 4. Bd3 b6 5. O-O Bb7 6. c4 Bd6 7. cxd5 exd5 8. Nc3 O-O 9. b3 Nbd7 10. Bb2 a6 11. Ne2 Qe7 12. Ng3 g6 13. Rc1 h5 14. Qc2 Ne4 15. Bxe4 dxe4 16. Nd2 f5 17. Nc4 Nf6 18. Nxd6 cxd6 19. Qc7 Qxc7 20. Rxc7 Rf7 21. Rfc1 Nd5 22. Rxf7 Kxf7 23. Ne2 Ke6 24. Nc3 Kd7 25. Nxd5 Bxd5 26. h4 a5 27. Kh2 Rg8 28. Rc3 g5 29. hxg5 Rxg5 30. g3 Rg4 31. Rc1 h4 32. Rg1 Be6 33. d5 Bxd5 34. Rd1 hxg3+ 35. fxg3 Ke6 36. Bd4 b5 37. Bb6 a4 38. bxa4 bxa4 39. a3 Rg7 40. Rd4 Bb3 41. Ba5 Ra7 42. Bb4 d5 43. Rd2 Rc7 44. Kh3 Rc1 45. g4 Rg1 46. gxf5+ Kxf5 47. Rf2+ Ke6 48. Bc3 Bd1 49. Kh2 Rg8 50. Rg2 Rc8 51. Bd4 Rb8 52. Rg6+ Kf5 53. Rf6+ Kg5 54. Rd6 Bb3 55. Kg3 Rc8 56. Rd7 Rc2 57. Rg7+ Kf5 58. Re7 Ra2 59. Bc5 Bc4 60. Rf7+ Ke6 61. Re7+ Kf6 62. Re8 Bb3 63. Rb8 Ke6 64. Rd8 Bd1 65. Rd6+ Ke5 66. Rd8 Bb3 67. Re8+ Kf5 68. Rf8+ Ke6 69. Rd8 Rc2 70. Rd6+ Ke5 71. Rc6 Kf5 72. Rc7 d4 73. exd4 e3 74. Re7 Rc3 75. Re5+ Kg6 76. Bb4 Rd3 77. Kf4 Rxd4+ 78. Kxe3 Rc4 79. Kd3 Rh4 80. Ra5 Kf6 81. Kc3 Ke6 82. Kd3 Rh3+ 83. Kd4 Rh4+ 84. Kc3 Rc4+ 85. Kd3 Rc8 86. Ra6+ Kd5 87. Ra5+ Ke6 88. Ra6+ Kd7 89. Ra7+ Kc6 90. Ra6+ Kb5 91. Ra5+ Kb6 92. Rg5 Rh8 93. Rg6+ Kb7 94. Rg7+ Kc6 95. Rg6+ Kd5 96. Rg5+ Ke6 97. Rg6+ Kf5 98. Rb6 Rh3+ 99. Kd4 Rh4+ 100. Kd3 Rh3+ 101. Kd4 Rh1 102. Rb5+ Kf4 103. Rb8 Kf3 104. Re8 Rd1+ 105. Kc3 Rd7 106. Re7 Rd8 107. Re5 Bd5 108. Be7 Rd7 109. Bc5 Be4 110. Kb4 Bc2 111. Re3+ Kf4 112. Rc3 Rb7+ 113. Ka5 Bb3 114. Bb4 Ke4 115. Rc8 Kd5 116. Rd8+ Ke4 117. Rc8 Kd4 118. Rc5 Bd5 119. Rc8 Bc4 120. Rd8+ Bd5 121. Kxa4 Kc4 122. Ka5 Bc6 123. Rc8 Kd5 124. Ka6 Rf7 125. Rd8+ Kc4 126. Kb6 Ba4 127. Rc8+ Kb3 128. Rc3+ Ka2 129. Re3 Kb2 130. Ka5 Ra7+ 131. Kb6 Rh7 132. Ka5 Ra7+ 133. Kb6 Ra8 134. Kb7 Rg8 135. Kb6 Ra8 136. Kb7 Rg8 137. Kb6 Ra8 1/2-1/2


[Site "https://www.chess.com"]

[Event "Titled Tuesday Blitz April 19 Early 2022"]
[White "Krylov, Ivan"]
[Black "Vidonyak, Roman"]
[WhiteFideId "24128066"]
[BlackFideId "14100622"]
[WhiteElo "2258"]
[BlackElo "2411"]
[Result "1-0"]
[Round "11"]
[TimeControl "180+1"]
[Date "2022.04.19"]
[WhiteClock "0:00:15"]
[BlackClock "0:00:30"]

1. e4 c5 2. Nf3 d6 3. c3 Nf6 4. h3 Nc6 5. Bd3 g6 6. Bc2 Bg7 7. d4 O-O 8. O-O e6 9. Re1 a6 10. d5 exd5 11. exd5 Ne7 12. c4 Bf5 13. Nc3 Rb8 14. Bf4 b5 15. cxb5 axb5 16. Rc1 Bxc2 17. Rxc2 b4 18. Ne4 Nxe4 19. Rxe4 Re8 20. Rce2 Qd7 21. Qe1 Kf8 22. Ng5 f5 23. Re6 Rb6 24. Nxh7+ Kf7 25. Ng5+ Kf8 26. Nf3 c4 27. Bg5 Rb7 28. Nh4 Kf7 29. Bxe7 Rxe7 30. Rxe7+ Qxe7 31. Rxe7+ Rxe7 32. Qxb4 c3 33. bxc3 Re1+ 34. Kh2 Be5+ 35. g3 Re2 36. Qb7+ Kf6 37. Kg2 Rxa2 38. Nf3 Bxc3 39. Qc6 Bb4 40. Qc4 Rb2 41. Qd4+ 1-0


[Site "https://www.chess.com"]

[Event "Titled Tuesday Blitz April 19 Early 2022"]
[White "Lach, Aleksandra"]
[Black "Rodchenkov, Vitaly"]
[WhiteFideId "1134299"]
[BlackFideId "4152964"]
[WhiteElo "2172"]
[BlackElo "2337"]
[Result "0-1"]
[Round "11"]
[TimeControl "180+1"]
[Date "2022.04.19"]
[WhiteClock "0:00:08"]
[BlackClock "0:00:18"]

1. e4 c6 2. d4 d5 3. exd5 cxd5 4. Bd3 Nc6 5. c3 Nf6 6. Bf4 g6 7. Ne2 Bf5 8. Bxf5 gxf5 9. Ng3 e6 10. Nd2 Bd6 11. Qf3 Rg8 12. h3 Bxf4 13. Qxf4 b5 14. O-O a5 15. Rfe1 b4 16. Nxf5 bxc3 17. bxc3 Qb8 18. Qh4 Rg6 19. Ne3 Qd6 20. Rab1 O-O-O 21. Nf3 Rdg8 22. Kh1 Ne4 23. Rb2 Rf6 24. Ng4 Rf4 25. Qxh7 Qf8 26. Qh6 Qxh6 27. Nxh6 Rh8 28. Nxf7 Rxf7 29. Reb1 Rh6 30. Rb6 Rc7 31. c4 dxc4 32. Rc1 c3 33. Kg1 Kd7 34. Rb5 Ke7 35. d5 Nb4 36. dxe6 Nxa2 37. Rc2 Nb4 38. Rc1 Rh8 39. Nd4 Rd8 40. Nc2 Nxc2 41. Rxc2 Rd2 42. Rc1 c2 0-1


[Site "https://www.chess.com"]

[Event "Titled Tuesday Blitz April 19 Early 2022"]
[White "Lehtosaari, Mauri"]
[Black "Sliwicki, Damian"]
[WhiteFideId "501999"]
[BlackFideId "1127128"]
[WhiteElo "2512"]
[BlackElo "2084"]
[Result "1-0"]
[Round "11"]
[TimeControl "180+1"]
[Date "2022.04.19"]
[WhiteClock "0:01:30"]
[BlackClock "0:01:13"]

1. d4 c5 2. c3 cxd4 3. cxd4 Nf6 4. Nc3 g6 5. Nf3 d5 6. Bf4 Bg7 7. e3 O-O 8. Qb3 Nc6 9. Be2 b6 10. O-O Bf5 11. Rac1 Rc8 12. Ba6 Na5 13. Qa4 Rc7 14. Bxc7 Qxc7 15. Nxd5 Qd6 16. Nxf6+ Bxf6 17. b4 Bd7 18. Bb5 Bxb5 19. Qxb5 Nb7 20. a3 Nd8 21. Rc8 1-0


[Site "https://www.chess.com"]

[Event "Titled Tuesday Blitz April 19 Early 2022"]
[White "Liyanage, Ranindu Dilshan"]
[Black "Shyaamnikhil P"]
[WhiteFideId "9915834"]
[BlackFideId "5024218"]
[WhiteElo "2619"]
[BlackElo "2717"]
[Result "0-1"]
[Round "11"]
[TimeControl "180+1"]
[Date "2022.04.19"]
[WhiteClock "0:00:02"]
[BlackClock "0:00:05"]

1. d4 Nf6 2. Nc3 d5 3. Bf4 g6 4. Nb5 Na6 5. e3 c6 6. Nc3 Nc7 7. h3 Ne6 8. Bh2 Bg7 9. Nf3 O-O 10. Be2 Ne8 11. h4 h5 12. Ne5 Nf6 13. g4 hxg4 14. Nxg4 Nxg4 15. Bxg4 Qb6 16. Rb1 f5 17. Bh3 f4 18. h5 fxe3 19. fxe3 Ng5 20. Bxc8 Nf3+ 21. Ke2 Raxc8 22. Qd3 Rf5 23. hxg6 Rcf8 24. Rbf1 Qxb2 25. Bf4 Nxd4+ 26. exd4 Rxf4 27. Rxf4 Rxf4 28. Rb1 Qa3 29. Qh3 Qd6 30. Rxb7 Qxg6 31. Rxe7 Bxd4 32. Kd1 Bxc3 33. Qxc3 Qg1+ 34. Re1 Qd4+ 35. Qxd4 Rxd4+ 36. Kc1 Kf7 37. Kb2 Re4 38. Rg1 a5 39. Rh1 Ke7 40. Rh7+ Kd6 41. Ra7 a4 42. Ka3 Rc4 43. Kb2 Kc5 44. Ra5+ Kb4 45. Ra8 a3+ 46. Kc1 Rc3 47. Rb8+ Kc4 48. Kd2 c5 49. Ra8 Rh3 50. Ra4+ Kb5 51. Ra8 d4 52. Ra7 Kc4 53. Ra4+ Kd5 54. Ra8 Rh2+ 55. Kd1 Rh1+ 56. Kd2 Rh3 57. Kd1 c4 58. Kd2 Kc5 59. Rc8+ Kb5 60. Rb8+ Ka6 61. Rd8 c3+ 62. Kd1 Rh1+ 63. Ke2 Rh2+ 64. Kd1 Rd2+ 65. Kc1 Kb5 66. Rd7 Kc5 67. Rc7+ Kd6 68. Rc8 Rh2 69. Rd8+ Kc5 70. Rc8+ Kd5 71. Rd8+ Ke5 72. Re8+ Kf5 73. Kd1 d3 74. cxd3 Rxa2 75. Rc8 Rh2 76. Ra8 a2 0-1


[Site "https://www.chess.com"]

[Event "Titled Tuesday Blitz April 19 Early 2022"]
[White "Ljukin, Sergei"]
[Black "Avazkhonov, Alikhon"]
[WhiteFideId "14102200"]
[BlackFideId "14208504"]
[WhiteElo "2312"]
[BlackElo "1739"]
[Result "1-0"]
[Round "11"]
[TimeControl "180+1"]
[Date "2022.04.19"]
[WhiteClock "0:00:49"]
[BlackClock "0:00:02"]

1. e4 c5 2. Nf3 d6 3. d4 cxd4 4. Nxd4 Nf6 5. Nc3 a6 6. Bg5 e6 7. f4 h6 8. Bh4 Be7 9. Qf3 Nbd7 10. O-O-O Qc7 11. Bg3 b5 12. e5 Bb7 13. Qe2 dxe5 14. fxe5 Nd5 15. Nxd5 Bxd5 16. Nf5 Bc4 17. Nxg7+ Kf8 18. Qg4 Nxe5 19. Qe4 Bg5+ 20. Kb1 Rd8 21. Bxc4 Qxc4 22. Qxe5 f6 23. Nxe6+ Ke7 24. Qc7+ Qxc7 25. Nxc7 Rxd1+ 26. Rxd1 f5 27. b3 Rc8 28. Nd5+ Ke6 29. Nf4+ Ke5 30. h4 Bd8 31. Re1+ Kf6 32. Re6+ Kg7 33. Rxa6 Rc3 34. Ne6+ Kg8 35. Bf4 1-0


[Site "https://www.chess.com"]

[Event "Titled Tuesday Blitz April 19 Early 2022"]
[White "Lysyj, Igor"]
[Black "Pacheco Lugo, Alejandro Jose"]
[WhiteFideId "4150120"]
[BlackFideId "3903745"]
[WhiteElo "2611"]
[BlackElo "2146"]
[Result "1-0"]
[Round "11"]
[TimeControl "180+1"]
[Date "2022.04.19"]
[WhiteClock "0:01:49"]
[BlackClock "0:00:01"]

1. d4 Nf6 2. c4 e6 3. Nf3 d5 4. g3 Be7 5. Bg2 O-O 6. O-O dxc4 7. Ne5 Nc6 8. Bxc6 bxc6 9. Nxc6 Qe8 10. Nxe7+ Qxe7 11. Nc3 c5 12. dxc5 Qxc5 13. Be3 Qc6 14. Qa4 Bb7 15. Qxc6 Bxc6 16. Rfd1 Nd5 17. Rd4 Nxe3 18. fxe3 Rfb8 19. Rxc4 Rb6 20. b3 Rd8 21. Rd1 Rxd1+ 22. Nxd1 Kf8 23. Nc3 Ke7 24. Kf2 g5 25. e4 h6 26. Ke3 Kd6 27. b4 Bb7 28. a4 a6 29. a5 Rc6 30. Rxc6+ Bxc6 31. Kd4 f6 32. e3 g4 33. Kc4 Bb7 34. b5 h5 35. Kd4 Bc8 36. b6 Bb7 37. e5+ fxe5+ 38. Kc4 Bf3 39. Na4 Kc6 40. Nc5 Be2+ 41. Kb4 1-0


[Site "https://www.chess.com"]

[Event "Titled Tuesday Blitz April 19 Early 2022"]
[White "Maksimenko, Viktor"]
[Black "Urazayev, Arystanbek"]
[WhiteFideId "13710478"]
[BlackFideId "13709810"]
[WhiteElo "2269"]
[BlackElo "2422"]
[Result "0-1"]
[Round "11"]
[TimeControl "180+1"]
[Date "2022.04.19"]
[WhiteClock "0:00:17"]
[BlackClock "0:00:23"]

1. d4 Nf6 2. c4 e6 3. Nf3 d5 4. g3 Bb4+ 5. Bd2 a5 6. Bg2 O-O 7. O-O c6 8. Qc2 b6 9. Bg5 Be7 10. Nbd2 Nbd7 11. Rfd1 Ba6 12. e4 Nxe4 13. Bxe7 Qxe7 14. Nxe4 dxe4 15. Qxe4 Bxc4 16. Qxc6 Bd5 17. Qb5 Qd6 18. Ne5 Nf6 19. Rac1 Rac8 20. a3 Rxc1 21. Rxc1 Bxg2 22. Kxg2 Qxd4 23. Nf3 Qd8 24. Rc6 Nd5 25. Qc4 h6 26. h4 Qf6 27. b4 axb4 28. axb4 Qb2 29. Qe4 Rb8 30. Rxe6 fxe6 31. Qxe6+ Kh8 32. Qxd5 Re8 33. b5 Qf6 34. Qd3 Qe6 35. Kg1 Qe4 36. Qb3 Rf8 37. Kg2 Rf5 38. Qa3 Rxb5 39. Qa8+ Qxa8 0-1


[Site "https://www.chess.com"]

[Event "Titled Tuesday Blitz April 19 Early 2022"]
[White "Manukian, Artak"]
[Black "Alimpic, Aleksa"]
[WhiteFideId "13301373"]
[BlackFideId "974323"]
[WhiteElo "2290"]
[BlackElo "2169"]
[Result "0-1"]
[Round "11"]
[TimeControl "180+1"]
[Date "2022.04.19"]
[WhiteClock "0:00:34"]
[BlackClock "0:00:06"]

1. e4 g6 2. d4 Bg7 3. c4 d6 4. Nc3 e5 5. d5 Nd7 6. Bd3 a5 7. g4 Nc5 8. f3 Bh6 9. Nge2 Bxc1 10. Rxc1 f5 11. gxf5 gxf5 12. h4 f4 13. Bc2 Bd7 14. Na4 Nxa4 15. Bxa4 b6 16. Bxd7+ Qxd7 17. Kd2 Ne7 18. Qb3 O-O-O 19. Rcg1 Rhg8 20. Qd1 Qe8 21. Nc3 Rxg1 22. Qxg1 Qg6 23. h5 Qxg1 24. Rxg1 Rg8 25. Rg4 Rxg4 26. fxg4 h6 27. Ne2 Ng8 28. c5 bxc5 29. Ng1 Nf6 30. Kd3 Nxg4 31. Nf3 Nf6 32. Nh4 Nxh5 33. Nf5 Ng3 34. Nxh6 Kd7 35. Ng4 Ke7 36. b3 Nh5 37. Ke2 Nf6 38. Nf2 Kf7 39. Kf3 Kg6 40. Nd3 Nd7 41. Nb2 Nb6 42. Nd1 Kh5 43. Nc3 Kh4 44. Nb5 Na8 45. Na7 Kh3 46. Nc6 a4 47. bxa4 Kh2 48. a5 Kg1 49. a6 Kf1 50. a4 Ke1 51. a7 Kd2 52. Ne7 c4 53. Ng6 c3 54. Nxe5 dxe5 55. d6 cxd6 56. a5 c2 0-1


[Site "https://www.chess.com"]

[Event "Titled Tuesday Blitz April 19 Early 2022"]
[White "Marczuk, Dominik"]
[Black "Mikhalsky, Vladimir"]
[WhiteFideId "1111264"]
[BlackFideId "14144352"]
[WhiteElo "1912"]
[BlackElo "2301"]
[Result "1-0"]
[Round "11"]
[TimeControl "180+1"]
[Date "2022.04.19"]
[WhiteClock "0:00:05"]
[BlackClock "0:00:03"]

1. e4 g6 2. d4 Bg7 3. Nc3 d6 4. f4 Nf6 5. Nf3 O-O 6. Be3 Ng4 7. Bg1 a6 8. h3 Nf6 9. g4 b5 10. e5 Nfd7 11. Bd3 Bb7 12. Be4 Qc8 13. Qe2 c5 14. O-O-O cxd4 15. Bxd4 dxe5 16. Nxe5 Nxe5 17. Bxe5 b4 18. Bxb7 Qxb7 19. Nd5 Nc6 20. Bxg7 Kxg7 21. f5 f6 22. Nf4 Ne5 23. Ne6+ Kh8 24. Nxf8 Rxf8 25. fxg6 hxg6 26. g5 Qc6 27. gxf6 exf6 28. Kb1 Rc8 29. Rhe1 a5 30. h4 a4 31. Rc1 a3 32. c4 b3 33. axb3 Ra8 34. Rc3 Qa6 35. bxa3 Qxa3 36. Qb2 Qb4 37. Rce3 Ng4 38. Re8+ Rxe8 39. Rxe8+ Kg7 40. Re2 Kh6 41. Rc2 Ne5 42. Qc3 Qa3 43. b4 Qa4 44. Qe3+ Kg7 45. Kb2 Qxb4+ 46. Qb3 Qa5 47. c5 Nc6 48. Qb6 Qa4 49. Qb7+ Kh6 50. Qb3 Qd4+ 51. Qc3 Qa4 52. Qe3+ Kg7 53. h5 Qb4+ 54. Qb3 Qd4+ 55. Qc3 Qa4 56. hxg6 Kxg6 57. Rg2+ Kf7 58. Qb3+ Qxb3+ 59. Kxb3 Ke6 60. Kc4 Ne5+ 61. Kb5 f5 62. c6 f4 63. c7 Kd7 64. Kb6 Nc4+ 65. Kc5 Ne3 66. Rg7+ Kc8 67. Kc6 1-0


[Site "https://www.chess.com"]

[Event "Titled Tuesday Blitz April 19 Early 2022"]
[White "Markelova, Lubov"]
[Black "Simonovic, Miroslav"]
[WhiteFideId "24131369"]
[BlackFideId "919152"]
[WhiteElo "1857"]
[BlackElo "2043"]
[Result "0-1"]
[Round "11"]
[TimeControl "180+1"]
[Date "2022.04.19"]
[WhiteClock "0:00:04"]
[BlackClock "0:00:51"]

1. e4 c5 2. Nf3 Nc6 3. d4 cxd4 4. Nxd4 e5 5. Nb5 d6 6. N1c3 a6 7. Na3 b5 8. Nd5 Nf6 9. Bg5 Be7 10. Bxf6 Bxf6 11. c3 O-O 12. Nc2 Rb8 13. Nce3 Bg5 14. Bd3 Bxe3 15. Nxe3 Be6 16. O-O Ne7 17. Qe2 d5 18. exd5 Nxd5 19. Nxd5 Qxd5 20. Be4 Qc5 21. Rfd1 f5 22. Bc2 e4 23. Rd4 Rbd8 24. Rad1 Rxd4 25. cxd4 Qc4 26. Qxc4 Bxc4 27. d5 Bxa2 28. b3 Rc8 29. Rd2 Bb1 30. Bd1 Bd3 31. b4 Rc1 32. g3 g5 33. Kg2 f4 34. gxf4 gxf4 35. Bb3 f3+ 36. Kg3 Kf8 37. Ra2 Rg1+ 38. Kh3 Rg6 39. Bc2 Rg2 40. Bxd3 exd3 41. Rd2 Ke7 42. Rxd3 Rxf2 43. Kg3 Rb2 44. d6+ Kd7 45. Kxf3 Rxb4 46. Rd2 a5 47. Rg2 a4 48. Rg7+ Kxd6 0-1


[Site "https://www.chess.com"]